 Dungeon Crawl Stone Soup version 0.25.0-11-g1f837a76a1 (webtiles) character file.

Game seed: 12659727116017680802

(classic levelgen) 377 EnegeticOcto the Chopper (level 6, 0/57 HPs)
             Began as a Deep Dwarf Fighter on June 27, 2020.
             Slain by a chaos spawn (11 damage)
             ... summoned by Xom
             ... in a sewer.
             The game lasted 00:01:59 (1082 turns).

EnegeticOcto the Chopper (Deep Dwarf Fighter)       Turns: 1082, Time: 00:02:00

Health: 0/57       AC:  0    Str: 22    XL:     6   Next: 45%
Magic:  5/5        EV:  7    Int:  8    God:
Gold:   26         SH: 10    Dex: 12    Spells: 5/5 levels left

rFire    . . .     SeeInvis .   a - +0 war axe
rCold    . . .     Gourm    .   c - +0 kite shield
rNeg     . . .     Faith    .   b - +0 scale mail
rPois    .         Spirit   .   f - +0 helmet
rElec    .         Reflect  .   (no cloak)
rCorr    .         Harm     .   (no gloves)
MR       .....                  (no boots)
Stlth    ..........             (no amulet)
HPRegen  0.00/turn              (no ring)
MPRegen  0.09/turn              (no ring)

@: lethally poisoned (0 -> 0), corroded, non-regenerating, slowed, lightly
drained, very slow
A: damage resistance, heal wounds, sense surroundings 1, no regeneration
a: Heal Wounds


You were in a sewer.
You were not hungry.

You visited 1 branch of the dungeon, and saw 4 of its levels.
You also visited: Sewer.

You collected 26 gold pieces.

Inventory:

Hand Weapons
 a - a +0 war axe (weapon)
Armour
 b - a +0 scale mail (worn)
 c - a +0 kite shield (worn)
 f - a +0 helmet (worn)
Jewellery
 l - an uncursed ring of magical power {unknown}
Scrolls
 h - 3 scrolls of magic mapping {unknown}
 i - 2 scrolls of enchant armour {unknown}
 j - 2 scrolls of teleportation {unknown}
 k - 3 scrolls of identify {unknown}
 m - a scroll of blinking {unknown}
Potions
 d - a potion of might {@q3 !q}
 g - 3 potions of heal wounds {unknown}
Comestibles
 e - 2 rations
 n - 5 chunks of flesh


   Skills:
 + Level 3.8(3.5) Fighting
 * Level 5.0(4.8) Axes
 + Level 4.6(4.3) Armour
 + Level 4.6(4.3) Shields


You had 5 spell levels left.
You didn't know any spells.
Your spell library was empty.

Dungeon Overview and Level Annotations

Branches:
Dungeon (4/15)              Sewer (1/1)
 Temple: D:4-7

Altars:
Makhleb
Xom

Annotations:
D:4 2 exclusions


Innate Abilities, Weirdness & Mutations

You are resistant to damage.
You can heal yourself by infusing magical energy.
You passively map a small area around you.
You do not regenerate.


Message History

The big kobold hits you but does no damage.
You closely miss the big kobold. You closely miss the kobold.
The big kobold hits you. The kobold closely misses you.
You closely miss the big kobold. You closely miss the kobold.
The big kobold barely misses you.
The kobold splashes around in the water.
You slash the big kobold!
The big kobold is moderately wounded.
You hit the kobold but do no damage.
The big kobold hits you but does no damage.
The kobold hits you but does no damage. You block the big kobold's attack.
You closely miss the big kobold.
The big kobold is moderately wounded.
You hit the kobold. You block the kobold's attack. The big kobold hits you.
The kobold barely misses you.
Your unstable footing causes you to fumble your attack.
The big kobold hits you but does no damage.
The kobold hits you but does no damage.
You closely miss the big kobold.
The big kobold is moderately wounded.
You closely miss the kobold. The big kobold hits you.
You block the kobold's attack.
You closely miss the big kobold.
The big kobold is moderately wounded.
You hit the kobold but do no damage. You block the big kobold's attack.
You block the kobold's attack.
The big kobold hits you but does no damage.
Your shield and scale mail prevent you from hitting the big kobold.
The big kobold is moderately wounded.
You hit the kobold.
You kill the kobold!
You hear a splash. x2
You block the big kobold's attack.
You hit the big kobold.
The big kobold is moderately wounded.
The big kobold hits you.
You slash the big kobold!
The big kobold is severely wounded.
The big kobold completely misses you. The big kobold barely misses you.
You closely miss the big kobold.
The big kobold is severely wounded.
The big kobold hits you.
You slash the big kobold!
You kill the big kobold!
Your Axes skill increases to level 5!
No target in view!
No target in view!
No target in view!
You butcher the jackal corpse.
n - 2 chunks of flesh You see here a jackal skeleton. x2
You enter the shallow water.
Moving in this stuff is going to be slow.
Items here: ( ) †† a +0 short sword; a stone; a kobold corpse; a jackal corpse You butcher the jackal corpse.
You hear a splash.
n - 5 chunks of flesh (gained 3)
Items here: ( ) ÷ † a +0 short sword; a stone; a kobold corpse; a jackal skeleton
Items here: ( ) ÷ † a +0 short sword; a stone; a kobold corpse; a jackal skeleton "Time to have some fun!"
The divine experience drains your vigour!
You feel yourself slow down.
Found 2 fizzy ruby potions and a glowing puce potion.
There are monsters nearby!
There are monsters nearby!
You hit the chaos spawn.
The chaos spawn is lightly wounded.
You miss the ufetubus. You hit the quasit.
You hit the chaos spawn but do no damage.
The chaos spawn is lightly wounded.
You hit the ufetubus. You hit the quasit. The ufetubus hits you.
The ufetubus barely misses you. You block the quasit's attack.
The quasit barely misses you.
The quasit claws you but does no damage.
The chaos spawn gores you but does no damage.
The orange demon barely misses you.
You slash the chaos spawn!
The chaos spawn is heavily wounded.
You hit the soul eater but do no damage.
You hit the rust devil but do no damage.
You block the chaos spawn's attack.
The orange demon stings you but does no damage.
The rust devil hits you. The rust devil corrodes you!
The orange demon stings you from afar.
You are poisoned.
The orange demon poisons you! The chaos spawn hits you.
The chaos spawn shocks you! The soul eater hits you!!
You fail to use your ability.
You feel very sick. The rust devil hits you!
* * * LOW HITPOINT WARNING * * *
The rust devil corrodes you! You block the chaos spawn's attack.
The orange demon barely misses you. The soul eater hits you.
* * * LOW HITPOINT WARNING * * *
You feel drained. The rust devil hits you. The rust devil corrodes you!
You block the orange demon's attack. The chaos spawn gores you!
You die...

#≈# ##..##
#≈#########..≈.##
.≈.≈≈≈÷...#.≈≈≈.#
≈≈≈.≈≈)≈..#..≈..#
≈≈≈≈≈≈≈≈≈.#.....#
≈≈≈≈≈≈≈≈≈≈......#
≈≈≈≈≈≈≈≈≈≈#...55#
....≈≈≈≈..#...#4##
..≈...≈≈..##.###@#
###############43#
#45# * .### .. !##
*!! ##


You could see a soul eater (summoned), an orange demon (summoned), a rust devil
(summoned), a chaos spawn (summoned), a quasit (summoned), a crimson imp
(summoned) and an ufetubus (summoned).

Vanquished Creatures
  An ogre (D:4)
  A big kobold (Sewer)
  3 iron imps (D:3)
  A worker ant (D:4)
  Robin (D:4)
  3 adders
  A river rat (Sewer)
  2 oozes
  A worm (D:3)
  A leopard gecko (D:4)
  3 giant cockroaches (D:4)
  10 goblins
  6 hobgoblins
  12 jackals
  A kobold (Sewer)
  A quokka (D:4)
  A ball python (D:4)
  3 bats
  7 frilled lizards
  A quokka skeleton (D:4)
  5 rats
65 creatures vanquished.

Notes
Turn   | Place    | Note
-------+----------+-------------------------------------------
     0 | D:1      | EnegeticOcto the Deep Dwarf Fighter began the quest for the
                  | Orb.
     0 | D:1      | Reached XP level 1. HP: 20/20 MP: 1/1
   223 | D:2      | Reached XP level 2. HP: 27/27 MP: 2/2
   302 | D:3      | Reached skill level 3 in Axes
   305 | D:3      | Reached XP level 3. HP: 20/33 MP: 3/3
   307 | D:3      | Your magical essence is drained by the effort!
   310 | D:3      | Reached skill level 3 in Fighting
   331 | D:3      | Found a burning altar of Makhleb.
   355 | D:3      | Reached XP level 4. HP: 31/42 MP: 3/3
   364 | D:3      | Reached skill level 4 in Armour
   364 | D:3      | Reached skill level 4 in Shields
   501 | D:4      | Noticed Robin
   635 | D:4      | Noticed an ogre
   684 | D:4      | Found a shimmering altar of Xom.
   692 | D:4      | Became a worshipper of Xom the Begetter of Discontinuities
   693 | D:4      | Fell from the grace of Xom
   697 | D:4      | Killed an ogre
   697 | D:4      | Reached skill level 4 in Axes
   697 | D:4      | Reached XP level 5. HP: 47/49 MP: 4/4
   828 | D:4      | Found a glowing drain.
   933 | D:4      | Killed Robin
   940 | D:4      | Reached XP level 6. HP: 56/56 MP: 5/5
   991 | Sewer    | Entered a sewer
  1064 | Sewer    | Reached skill level 5 in Axes
  1078 | Sewer    | XOM: summons 7 hostile demons
  1079 | Sewer    | Noticed a rust devil
  1079 | Sewer    | Noticed a chaos spawn
  1079 | Sewer    | Noticed a soul eater
  1079 | Sewer    | Noticed an orange demon
  1082 | Sewer    | Slain by a chaos spawn

Illustrated notes

Levels and vault maps discovered:
D:1:      ldierk_walled_garden_2, layout_basic, kennysheep_decorative_pillar
D:2:      layout_rooms, lemuel_coloured_pillars_altar
D:3:      layout_rooms, marbit_many_paths, gammafunk_temple_overflow_arena,
          demons_altar, first_ration
D:4:      layout_loops_ring, kennysheep_little_box, tgw_sif,
          portal_sewer_entry_f, minmay_box_of_dots, uniq_robin
Sewer:    sewer_kobolds

Skill      XL: |  1  2  3  4  5  6 |
---------------+-------------------+-----
Axes           | 3 4 5 |  5.0
Fighting       | 3 |  3.8
Armour         | 4 |  4.6
Shields        | 4 |  4.6

Action                   |  1- 3 |  4- 6 || total
-------------------------+-------+-------++-------
Melee: War axe           |    67 |   156 ||   223
Invok: Renounce Religion |       |     1 ||     1
 Abil: Heal Wounds       |     2 |     4 ||     6
  Eat: Ration            |       |     1 ||     1
Armor: Scale mail        |    38 |    71 ||   109
Dodge: Dodged            |    22 |    63 ||    85
Block: Kite shield       |    38 |    99 ||   137
